Workbook

Sheet 1-1综合诊查类医疗服务价格项目表
A1: 附件1-1
A2: 益阳市综合诊查类医疗服务项目价格表（征求意见稿）
A3: 序号 | B3: 项目编码 | C3: 项目名称 | D3: 服务产出 | E3: 价格构成 | F3: 加收项 | G3: 扩展项 | H3: 计价单位 | I3: 计价说明 | J3: 一类价格 | K3: 二类一档 价格 | L3: 二类二档 价格 | M3: 三类价格 | N3: 基层价格 | O3: 支付分类 | P3: 自付比例
J4: 价格单位：元
A5: 1 | B5: 011102020010000 | C5: 门诊诊查费（普通门诊） | D5: 指主治及以下医师提供技术劳务的门诊诊查服务，包含为患者提供从建档、了解病情和患者基本情况、阅读检查检验结果、分析诊断、制定诊疗方案或提出下一步诊断建议的医疗服务。 | E5: 所定价格涵盖首诊建档、信息核实、询问病情、采集病史、查体、一般物理检查、阅读分析检查检验结果、评估病情、诊断、制定诊疗方案、向患者或家属告知、开具处方和治疗单、开具检查检验单、病历书写等所需的人力资源和基本物质资源消耗。 | F5: 01副主任医师加收 02主任医师加收 03知名专家加收 | H5: 次 | I5: 儿童加收30%。 | J5: =_xlfn.XLOOKUP($B5,[1]测算表!$B:$B,[1]测算表!H:H,,0,1) -> 8 | K5: =_xlfn.XLOOKUP($B5,[1]测算表!$B:$B,[1]测算表!I:I,,0,1) -> 7 | L5: =_xlfn.XLOOKUP($B5,[1]测算表!$B:$B,[1]测算表!J:J,,0,1) -> 7 | M5: =_xlfn.XLOOKUP($B5,[1]测算表!$B:$B,[1]测算表!K:K,,0,1) -> 6 | N5: =_xlfn.XLOOKUP($B5,[1]测算表!$B:$B,[1]测算表!L:L,,0,1) -> 6 | O5: 丙类 | P5: 1
B6: 011102020010001 | C6: 门诊诊查费（普通门诊）-副主任医师（加收） | D6: 指副主任医师提供技术劳务的门诊诊查服务，包含为患者提供从建档、了解病情和患者基本情况、阅读检查检验结果、分析诊断、制定诊疗方案或提出下一步诊断建议的医疗服务。 | J6: =_xlfn.XLOOKUP($B6,[1]测算表!$B:$B,[1]测算表!H:H,,0,1) -> 12 | K6: =_xlfn.XLOOKUP($B6,[1]测算表!$B:$B,[1]测算表!I:I,,0,1) -> 11 | L6: =_xlfn.XLOOKUP($B6,[1]测算表!$B:$B,[1]测算表!J:J,,0,1) -> 11 | M6: =_xlfn.XLOOKUP($B6,[1]测算表!$B:$B,[1]测算表!K:K,,0,1) -> 9 | N6: =_xlfn.XLOOKUP($B6,[1]测算表!$B:$B,[1]测算表!L:L,,0,1) -> 9
B7: 011102020010002 | C7: 门诊诊查费（普通门诊）-主任医师（加收） | D7: 指主任医师提供技术劳务的门诊诊查服务，包含为患者提供从建档、了解病情和患者基本情况、阅读检查检验结果、分析诊断、制定诊疗方案或提出下一步诊断建议的医疗服务。 | J7: =_xlfn.XLOOKUP($B7,[1]测算表!$B:$B,[1]测算表!H:H,,0,1) -> 22 | K7: =_xlfn.XLOOKUP($B7,[1]测算表!$B:$B,[1]测算表!I:I,,0,1) -> 20 | L7: =_xlfn.XLOOKUP($B7,[1]测算表!$B:$B,[1]测算表!J:J,,0,1) -> 20 | M7: =_xlfn.XLOOKUP($B7,[1]测算表!$B:$B,[1]测算表!K:K,,0,1) -> 14 | N7: =_xlfn.XLOOKUP($B7,[1]测算表!$B:$B,[1]测算表!L:L,,0,1) -> 14
B8: 011102020010003 | C8: 门诊诊查费（普通门诊）-知名专家（加收） | D8: 指知名专家提供技术劳务的门诊诊查服务，包含为患者提供从建档、了解病情和患者基本情况、阅读检查检验结果、分析诊断、制定诊疗方案或提出下一步诊断建议的医疗服务。 | J8: =_xlfn.XLOOKUP($B8,[1]测算表!$B:$B,[1]测算表!H:H,,0,1) -> 68 | K8: =_xlfn.XLOOKUP($B8,[1]测算表!$B:$B,[1]测算表!I:I,,0,1) -> 61 | L8: =_xlfn.XLOOKUP($B8,[1]测算表!$B:$B,[1]测算表!J:J,,0,1) -> 58 | M8: =_xlfn.XLOOKUP($B8,[1]测算表!$B:$B,[1]测算表!K:K,,0,1) -> 54 | N8: =_xlfn.XLOOKUP($B8,[1]测算表!$B:$B,[1]测算表!L:L,,0,1) -> 49
A9: 2 | B9: 011102020020000 | C9: 门诊诊查费（中医辨证论治） | D9: 指主治及以下医师通过望闻问切收集中医四诊信息，依据中医理论进行辨证，分析病因、病位、病性及病机转化，作出证候诊断，同时可结合现代医学，为门诊患者制定诊疗方案。 | E9: 所定价格涵盖首诊建档、信息核实、询问病情、采集病史、望闻问切、查体、一般物理检查、阅读分析检查检验结果、评估病情、中医辨证分析、诊断、制定诊疗方案、向患者或家属告知、开具处方、开具检查检验单、病历书写等所需的人力资源和基本物质资源消耗。 | F9: 01副主任医师加收 02主任医师加收 03知名专家加收 | H9: 次 | I9: 1.单次就诊不与“门诊诊查费（普通）”同时收费。 2.儿童加收30% | J9: =_xlfn.XLOOKUP($B9,[1]测算表!$B:$B,[1]测算表!H:H,,0,1) -> 11 | K9: =_xlfn.XLOOKUP($B9,[1]测算表!$B:$B,[1]测算表!I:I,,0,1) -> 10 | L9: =_xlfn.XLOOKUP($B9,[1]测算表!$B:$B,[1]测算表!J:J,,0,1) -> 10 | M9: =_xlfn.XLOOKUP($B9,[1]测算表!$B:$B,[1]测算表!K:K,,0,1) -> 9 | N9: =_xlfn.XLOOKUP($B9,[1]测算表!$B:$B,[1]测算表!L:L,,0,1) -> 9 | O9: 丙类 | P9: 1
B10: 011102020020001 | C10: 门诊诊查费（中医辨证论治）-副主任医师（加收） | D10: 指副主任医师通过望闻问切收集中医四诊信息，依据中医理论进行辨证，分析病因、病位、病性及病机转化，作出证候诊断，同时可结合现代医学，为门诊患者制定诊疗方案。 | J10: =_xlfn.XLOOKUP($B10,[1]测算表!$B:$B,[1]测算表!H:H,,0,1) -> 15 | K10: =_xlfn.XLOOKUP($B10,[1]测算表!$B:$B,[1]测算表!I:I,,0,1) -> 14 | L10: =_xlfn.XLOOKUP($B10,[1]测算表!$B:$B,[1]测算表!J:J,,0,1) -> 14 | M10: =_xlfn.XLOOKUP($B10,[1]测算表!$B:$B,[1]测算表!K:K,,0,1) -> 12 | N10: =_xlfn.XLOOKUP($B10,[1]测算表!$B:$B,[1]测算表!L:L,,0,1) -> 12
B11: 011102020020002 | C11: 门诊诊查费（中医辨证论治）-主任医师（加收） | D11: 指主任医师通过望闻问切收集中医四诊信息，依据中医理论进行辨证，分析病因、病位、病性及病机转化，作出证候诊断，同时可结合现代医学，为门诊患者制定诊疗方案。 | J11: =_xlfn.XLOOKUP($B11,[1]测算表!$B:$B,[1]测算表!H:H,,0,1) -> 25 | K11: =_xlfn.XLOOKUP($B11,[1]测算表!$B:$B,[1]测算表!I:I,,0,1) -> 23 | L11: =_xlfn.XLOOKUP($B11,[1]测算表!$B:$B,[1]测算表!J:J,,0,1) -> 23 | M11: =_xlfn.XLOOKUP($B11,[1]测算表!$B:$B,[1]测算表!K:K,,0,1) -> 17 | N11: =_xlfn.XLOOKUP($B11,[1]测算表!$B:$B,[1]测算表!L:L,,0,1) -> 17
B12: 011102020020003 | C12: 门诊诊查费（中医辨证论治）-知名专家（加收） | D12: 指知名专家通过望闻问切收集中医四诊信息，依据中医理论进行辨证，分析病因、病位、病性及病机转化，作出证候诊断，同时可结合现代医学，为门诊患者制定诊疗方案。 | J12: =_xlfn.XLOOKUP($B12,[1]测算表!$B:$B,[1]测算表!H:H,,0,1) -> 68 | K12: =_xlfn.XLOOKUP($B12,[1]测算表!$B:$B,[1]测算表!I:I,,0,1) -> 61 | L12: =_xlfn.XLOOKUP($B12,[1]测算表!$B:$B,[1]测算表!J:J,,0,1) -> 58 | M12: =_xlfn.XLOOKUP($B12,[1]测算表!$B:$B,[1]测算表!K:K,,0,1) -> 54 | N12: =_xlfn.XLOOKUP($B12,[1]测算表!$B:$B,[1]测算表!L:L,,0,1) -> 49
A13: 3 | B13: 011102020030000 | C13: 门诊诊查费（药学门诊） | D13: 指卫生主管部门认定具有药学门诊资质的临床药师，提供技术劳务的门诊药学/中药学服务，包含为患者提供从药学/中药学咨询到用药指导，制定用药方案的药学服务。 | E13: 所定价格涵盖核实信息、药学咨询、评估用药情况、开展药学指导、制定用药方案、干预或提出药物重整建议、建立药历等所需的人力资源和基本物质资源消耗。 | F13: 01副主任（中）药师加收 02主任（中）药师加收 | H13: 次 | I13: 本项目的药学服务涵盖西药、中药及民族药。 | J13: =_xlfn.XLOOKUP($B13,[1]测算表!$B:$B,[1]测算表!H:H,,0,1) -> 8 | K13: =_xlfn.XLOOKUP($B13,[1]测算表!$B:$B,[1]测算表!I:I,,0,1) -> 7 | L13: =_xlfn.XLOOKUP($B13,[1]测算表!$B:$B,[1]测算表!J:J,,0,1) -> 7 | M13: =_xlfn.XLOOKUP($B13,[1]测算表!$B:$B,[1]测算表!K:K,,0,1) -> 6 | N13: =_xlfn.XLOOKUP($B13,[1]测算表!$B:$B,[1]测算表!L:L,,0,1) -> 6 | O13: 丙类 | P13: 1
B14: 011102020030001 | C14: 门诊诊查费（药学门诊）-副主任（中）药师（加收） | J14: =_xlfn.XLOOKUP($B14,[1]测算表!$B:$B,[1]测算表!H:H,,0,1) -> 12 | K14: =_xlfn.XLOOKUP($B14,[1]测算表!$B:$B,[1]测算表!I:I,,0,1) -> 11 | L14: =_xlfn.XLOOKUP($B14,[1]测算表!$B:$B,[1]测算表!J:J,,0,1) -> 11 | M14: =_xlfn.XLOOKUP($B14,[1]测算表!$B:$B,[1]测算表!K:K,,0,1) -> 9 | N14: =_xlfn.XLOOKUP($B14,[1]测算表!$B:$B,[1]测算表!L:L,,0,1) -> 9
B15: 011102020030002 | C15: 门诊诊查费（药学门诊）-主任（中）药师（加收） | J15: =_xlfn.XLOOKUP($B15,[1]测算表!$B:$B,[1]测算表!H:H,,0,1) -> 22 | K15: =_xlfn.XLOOKUP($B15,[1]测算表!$B:$B,[1]测算表!I:I,,0,1) -> 20 | L15: =_xlfn.XLOOKUP($B15,[1]测算表!$B:$B,[1]测算表!J:J,,0,1) -> 20 | M15: =_xlfn.XLOOKUP($B15,[1]测算表!$B:$B,[1]测算表!K:K,,0,1) -> 14 | N15: =_xlfn.XLOOKUP($B15,[1]测算表!$B:$B,[1]测算表!L:L,,0,1) -> 14
A16: 4 | B16: 011102020040000 | C16: 门诊诊查费（护理门诊） | D16: 指主管护师及以上护理人员提供技术劳务的门诊护理服务，包含为患者提供从护理咨询到护理查体评估，制定护理方案的护理服务。 | E16: 所定价格涵盖核实信息，护理服务、护理咨询、护理查体评估、护理指导及制定护理方案、护理记录等所需的人力资源和基本物质资源消耗。 | H16: 次 | I16: 收费范围限国家卫生健康主管部门准许开展的护理门诊。 | J16: =_xlfn.XLOOKUP($B16,[1]测算表!$B:$B,[1]测算表!H:H,,0,1) -> 8 | K16: =_xlfn.XLOOKUP($B16,[1]测算表!$B:$B,[1]测算表!I:I,,0,1) -> 7 | L16: =_xlfn.XLOOKUP($B16,[1]测算表!$B:$B,[1]测算表!J:J,,0,1) -> 7 | M16: =_xlfn.XLOOKUP($B16,[1]测算表!$B:$B,[1]测算表!K:K,,0,1) -> 6 | N16: =_xlfn.XLOOKUP($B16,[1]测算表!$B:$B,[1]测算表!L:L,,0,1) -> 6 | O16: 丙类 | P16: 1
A17: 5 | B17: 011102020050000 | C17: 门诊诊查费（便民门诊） | D17: 指针对复诊患者，提供开具药品、耗材、检查检验处方接续的门诊服务。 | E17: 所定价格涵盖信息核实、开单等所需的人力资源和基本物质资源消耗。 | H17: 次 | J17: =_xlfn.XLOOKUP($B17,[1]测算表!$B:$B,[1]测算表!H:H,,0,1) -> 2 | K17: =_xlfn.XLOOKUP($B17,[1]测算表!$B:$B,[1]测算表!I:I,,0,1) -> 2 | L17: =_xlfn.XLOOKUP($B17,[1]测算表!$B:$B,[1]测算表!J:J,,0,1) -> 2 | M17: =_xlfn.XLOOKUP($B17,[1]测算表!$B:$B,[1]测算表!K:K,,0,1) -> 2 | N17: =_xlfn.XLOOKUP($B17,[1]测算表!$B:$B,[1]测算表!L:L,,0,1) -> 2 | O17: 丙类 | P17: 1
A18: 6 | B18: 011101000010000 | C18: 一般诊疗费 | D18: 指基层医疗卫生机构医护人员为患者提供技术劳务的诊疗服务。 | E18: 所定价格涵盖挂号、诊查、注射（不含药品费）以及药事服务成本等所需的人力资源和基本物质资源消耗。 | H18: 次 | I18: 不与各类“门诊诊查费”和“注射费”同时收费。 | J18: =_xlfn.XLOOKUP($B18,[1]测算表!$B:$B,[1]测算表!H:H,,0,1) -> 10 | K18: =_xlfn.XLOOKUP($B18,[1]测算表!$B:$B,[1]测算表!I:I,,0,1) -> 10 | L18: =_xlfn.XLOOKUP($B18,[1]测算表!$B:$B,[1]测算表!J:J,,0,1) -> 10 | M18: =_xlfn.XLOOKUP($B18,[1]测算表!$B:$B,[1]测算表!K:K,,0,1) -> 10 | N18: =_xlfn.XLOOKUP($B18,[1]测算表!$B:$B,[1]测算表!L:L,,0,1) -> 10 | O18: 丙类 | P18: 1
A19: 7 | B19: 011102020060000 | C19: 急诊诊查费（普通） | D19: 指在急诊区域内，包含为患者提供从建档、了解病情和患者基本情况、分析诊断、制定诊疗方案或提出下一步诊断建议的医疗服务。 | E19: 所定价格涵盖急诊建档、信息核实、询问病情、采集病史、查体、一般物理检查、阅读分析检查检验结果、评估病情、诊断、制定诊疗方案、及时向患者或家属告知、开具处方和治疗单、开具检查检验单、病历书写等所需的人力资源和基本物质资源消耗。 | H19: 次 | I19: 儿童加收30% | J19: =_xlfn.XLOOKUP($B19,[1]测算表!$B:$B,[1]测算表!H:H,,0,1) -> 20 | K19: =_xlfn.XLOOKUP($B19,[1]测算表!$B:$B,[1]测算表!I:I,,0,1) -> 18 | L19: =_xlfn.XLOOKUP($B19,[1]测算表!$B:$B,[1]测算表!J:J,,0,1) -> 18 | M19: =_xlfn.XLOOKUP($B19,[1]测算表!$B:$B,[1]测算表!K:K,,0,1) -> 16 | N19: =_xlfn.XLOOKUP($B19,[1]测算表!$B:$B,[1]测算表!L:L,,0,1) -> 16 | O19: 甲类 | P19: 0
A20: 8 | B20: 011102020070000 | C20: 急诊诊查费（留观） | D20: 指医师对急诊留观患者进行的诊查服务，并根据病情制定诊疗方案。 | E20: 所定价格涵盖留观建档、巡视患者、密切观察患者病情及生命体征变化、病史采集、查体、一般物理检查、阅读分析检查检验结果、评估病情、诊断、制定诊疗方案、开立医嘱、病历书写、病情告知等所需的人力资源和基本物质资源消耗。 | F20: 01急诊抢救室加收 | H20: 日 | I20: 1.针对未满足住院条件或因各种原因无法办理住院的急诊留观患者收费。 2.当天转住院的，急诊诊查费（留观）与住院诊查费用（普通）不得同时收取。 | J20: =_xlfn.XLOOKUP($B20,[1]测算表!$B:$B,[1]测算表!H:H,,0,1) -> 24 | K20: =_xlfn.XLOOKUP($B20,[1]测算表!$B:$B,[1]测算表!I:I,,0,1) -> 21 | L20: =_xlfn.XLOOKUP($B20,[1]测算表!$B:$B,[1]测算表!J:J,,0,1) -> 21 | M20: =_xlfn.XLOOKUP($B20,[1]测算表!$B:$B,[1]测算表!K:K,,0,1) -> 17 | N20: =_xlfn.XLOOKUP($B20,[1]测算表!$B:$B,[1]测算表!L:L,,0,1) -> 17 | O20: 甲类 | P20: 0
B21: 011102020070001 | C21: 急诊诊查费（留观）-急诊抢救室（加收） | H21: 日 | J21: =_xlfn.XLOOKUP($B21,[1]测算表!$B:$B,[1]测算表!H:H,,0,1) -> 6 | K21: =_xlfn.XLOOKUP($B21,[1]测算表!$B:$B,[1]测算表!I:I,,0,1) -> 5 | L21: =_xlfn.XLOOKUP($B21,[1]测算表!$B:$B,[1]测算表!J:J,,0,1) -> 5 | M21: =_xlfn.XLOOKUP($B21,[1]测算表!$B:$B,[1]测算表!K:K,,0,1) -> 5 | N21: =_xlfn.XLOOKUP($B21,[1]测算表!$B:$B,[1]测算表!L:L,,0,1) -> 5
A22: 9 | B22: 011102030010000 | C22: 住院诊查费（普通） | D22: 指医师对住院患者进行每日的诊查服务，根据病情变化制定及调整诊疗方案。 | E22: 所定价格涵盖住院建档、查房、观察患者病情及生命体征变化、病史采集、查体、一般物理检查、阅读分析检查检验结果、评估病情、诊断、制定诊疗方案、病历书写、开立医嘱、病情告知等所需的人力资源和基本物质资源消耗。 | H22: 日 | I22: 儿童加收30% | J22: =_xlfn.XLOOKUP($B22,[1]测算表!$B:$B,[1]测算表!H:H,,0,1) -> 30 | K22: =_xlfn.XLOOKUP($B22,[1]测算表!$B:$B,[1]测算表!I:I,,0,1) -> 27 | L22: =_xlfn.XLOOKUP($B22,[1]测算表!$B:$B,[1]测算表!J:J,,0,1) -> 27 | M22: =_xlfn.XLOOKUP($B22,[1]测算表!$B:$B,[1]测算表!K:K,,0,1) -> 22 | N22: =_xlfn.XLOOKUP($B22,[1]测算表!$B:$B,[1]测算表!L:L,,0,1) -> 22 | O22: 甲类 | P22: 0
A23: 10 | B23: 011102030020000 | C23: 住院诊查费（临床药学） | D23: 指临床药师结合患者病情和用药情况，参与临床医师住院巡诊，协同制定个体化药物治疗方案，并进行用药监护和用药安全指导的药学服务。 | E23: 所定价格涵盖参与住院巡诊、协同制定个体化药物治疗方案、疗效观察、药物不良反应监测、安全用药指导、干预或提出药物重整等建议、建立药历等所需的人力资源和基本物质资源消耗。 | H23: 日 | I23: 符合规定资质的临床药师参与临床医师住院巡诊，按照每日12元收取；住院天数≤30天的，收取费用不高于60元；住院天数＞30 天的，每30天（含）收费不超过60元，总收费最高不超过150元。 | J23: =_xlfn.XLOOKUP($B23,[1]测算表!$B:$B,[1]测算表!H:H,,0,1) -> 12 | K23: =_xlfn.XLOOKUP($B23,[1]测算表!$B:$B,[1]测算表!I:I,,0,1) -> 12 | L23: =_xlfn.XLOOKUP($B23,[1]测算表!$B:$B,[1]测算表!J:J,,0,1) -> 12 | M23: =_xlfn.XLOOKUP($B23,[1]测算表!$B:$B,[1]测算表!K:K,,0,1) -> 12 | N23: =_xlfn.XLOOKUP($B23,[1]测算表!$B:$B,[1]测算表!L:L,,0,1) -> 12 | O23: 甲类 | P23: 0
A24: 11 | B24: 011106000010000 | C24: 多学科诊疗费 | D24: 指征询患者同意，在门诊及住院期间，针对疑难复杂疾病，由两个及以上相关临床学科，具备副主任（中）医师及以上资质的专家组成工作组，共同对患者病情进行问诊、综合评估、分析及诊断，制定全面诊疗方案的医疗服务。 | E24: 所定价格涵盖病史采集、查体、一般物理检查、阅读分析检查检验结果、综合评估、讨论分析病情、诊断、制定综合诊疗方案、开具处方医嘱（治疗单、检查检验单）、病历书写、病情告知等所需的人力资源和基本物质资源消耗。 | H24: 次 | I24: 1.不与各类门诊诊查费同时收取。 2.收费范围限国家卫生健康主管部门准许开展的多学科诊疗服务。 3.计算学科数量时，药学、护理不作为单独学科计算。 4.门诊诊查时间每次不少于20分钟，住院诊查时间每次不少于30分钟。 5.护理、药学不作为单独临床学科计价。 | J24: =_xlfn.XLOOKUP($B24,[1]测算表!$B:$B,[1]测算表!H:H,,0,1) -> 400 | K24: 340 | L24: 340 | M24: 272 | N24: 272 | O24: 丙类 | P24: 1
A25: 12 | B25: 011106000020000 | C25: 会诊费（院内） | D25: 指因患者病情需要，在科室间进行的临床多学科参与会诊制定诊疗方案。 | E25: 所定价格涵盖病史采集、查体、一般物理检查、阅读分析检查检验结果、病情分析、提供诊疗方案、开具处方医嘱（治疗单、检查检验单）等所需的人力资源和基本物质资源消耗。 | F25: 01副主任医师加收 02主任医师加收 | H25: 学科·次 | I25: 护理、药学不作为单独临床学科计价。 | J25: =_xlfn.XLOOKUP($B25,[1]测算表!$B:$B,[1]测算表!H:H,,0,1) -> 26 | K25: =_xlfn.XLOOKUP($B25,[1]测算表!$B:$B,[1]测算表!I:I,,0,1) -> 23 | L25: =_xlfn.XLOOKUP($B25,[1]测算表!$B:$B,[1]测算表!J:J,,0,1) -> 23 | M25: =_xlfn.XLOOKUP($B25,[1]测算表!$B:$B,[1]测算表!K:K,,0,1) -> 20 | N25: =_xlfn.XLOOKUP($B25,[1]测算表!$B:$B,[1]测算表!L:L,,0,1) -> 20 | O25: 甲类 | P25: 0
B26: 011106000020001 | C26: 会诊费（院内）-副主任医师（加收） | J26: =_xlfn.XLOOKUP($B26,[1]测算表!$B:$B,[1]测算表!H:H,,0,1) -> 14 | K26: =_xlfn.XLOOKUP($B26,[1]测算表!$B:$B,[1]测算表!I:I,,0,1) -> 13 | L26: =_xlfn.XLOOKUP($B26,[1]测算表!$B:$B,[1]测算表!J:J,,0,1) -> 13 | M26: =_xlfn.XLOOKUP($B26,[1]测算表!$B:$B,[1]测算表!K:K,,0,1) -> 10 | N26: =_xlfn.XLOOKUP($B26,[1]测算表!$B:$B,[1]测算表!L:L,,0,1) -> 10
B27: 011106000020002 | C27: 会诊费（院内）-正主任医师（加收） | J27: =_xlfn.XLOOKUP($B27,[1]测算表!$B:$B,[1]测算表!H:H,,0,1) -> 24 | K27: =_xlfn.XLOOKUP($B27,[1]测算表!$B:$B,[1]测算表!I:I,,0,1) -> 22 | L27: =_xlfn.XLOOKUP($B27,[1]测算表!$B:$B,[1]测算表!J:J,,0,1) -> 22 | M27: =_xlfn.XLOOKUP($B27,[1]测算表!$B:$B,[1]测算表!K:K,,0,1) -> 18 | N27: =_xlfn.XLOOKUP($B27,[1]测算表!$B:$B,[1]测算表!L:L,,0,1) -> 18
A28: 13 | B28: 011106000030000 | C28: 会诊费（院外） | D28: 指因患者病情需要，在医院间进行的临床多学科参与会诊制定诊疗方案。 | E28: 所定价格涵盖病史采集、查体、一般物理检查、阅读分析检查检验结果、病情分析、提供诊疗方案等所需的人力资源和基本物质资源消耗。（不含通勤、住宿等非医疗成本） | F28: 01副主任医师加收 03主任医师加收 | H28: 学科·次 | I28: 1.院外会诊按照“上门服务费+会诊费（院外）”的方式收费。 2.护理、药学不作为单独临床学科计价。 | J28: =_xlfn.XLOOKUP($B28,[1]测算表!$B:$B,[1]测算表!H:H,,0,1) -> 220 | K28: =_xlfn.XLOOKUP($B28,[1]测算表!$B:$B,[1]测算表!I:I,,0,1) -> 200 | L28: =_xlfn.XLOOKUP($B28,[1]测算表!$B:$B,[1]测算表!J:J,,0,1) -> 200 | M28: =_xlfn.XLOOKUP($B28,[1]测算表!$B:$B,[1]测算表!K:K,,0,1) -> 160 | N28: =_xlfn.XLOOKUP($B28,[1]测算表!$B:$B,[1]测算表!L:L,,0,1) -> 160 | O28: 丙类 | P28: 1
B29: 011106000030001 | C29: 会诊费（院外）-副主任医师（加收） | J29: =_xlfn.XLOOKUP($B29,[1]测算表!$B:$B,[1]测算表!H:H,,0,1) -> 40 | K29: =_xlfn.XLOOKUP($B29,[1]测算表!$B:$B,[1]测算表!I:I,,0,1) -> 36 | L29: =_xlfn.XLOOKUP($B29,[1]测算表!$B:$B,[1]测算表!J:J,,0,1) -> 36 | M29: =_xlfn.XLOOKUP($B29,[1]测算表!$B:$B,[1]测算表!K:K,,0,1) -> 29 | N29: =_xlfn.XLOOKUP($B29,[1]测算表!$B:$B,[1]测算表!L:L,,0,1) -> 29
B30: 011106000030002 | C30: 会诊费（院外）-正主任医师（加收） | J30: =_xlfn.XLOOKUP($B30,[1]测算表!$B:$B,[1]测算表!H:H,,0,1) -> 80 | K30: =_xlfn.XLOOKUP($B30,[1]测算表!$B:$B,[1]测算表!I:I,,0,1) -> 70 | L30: =_xlfn.XLOOKUP($B30,[1]测算表!$B:$B,[1]测算表!J:J,,0,1) -> 70 | M30: =_xlfn.XLOOKUP($B30,[1]测算表!$B:$B,[1]测算表!K:K,,0,1) -> 56 | N30: =_xlfn.XLOOKUP($B30,[1]测算表!$B:$B,[1]测算表!L:L,,0,1) -> 56
A31: 14 | B31: 011106000040000 | C31: 会诊费（远程会诊） | D31: 指因患者病情需要，邀请方和受邀方医疗机构通过可视视频实时、同步交互的方式开展的远程会诊。 | E31: 所定价格涵盖通过互联网远程医疗网络系统搭建、维护、邀约、应邀、可视视频实时同步交互、资料上传、问诊、阅读分析检查检验结果、在线讨论病情、提供诊疗方案、出具诊疗意见报告等所需的人力资源和基本物质资源消耗。 | H31: 日 | I31: 1.按照受邀方医疗机构标准收费。 2.收费范围限国卫医发〔2018〕25号《互联网诊疗管理办法（试行）》、《互联网医院管理办法（试行）》、《互联网医院基本标准（试行）》准许开展的诊疗服务。 3.护理、药学不作为单独临床学科计价。 | J31: =_xlfn.XLOOKUP($B31,[1]测算表!$B:$B,[1]测算表!H:H,,0,1) -> 自主定价 | K31: =_xlfn.XLOOKUP($B31,[1]测算表!$B:$B,[1]测算表!I:I,,0,1) -> 自主定价 | L31: =_xlfn.XLOOKUP($B31,[1]测算表!$B:$B,[1]测算表!J:J,,0,1) -> 自主定价 | M31: =_xlfn.XLOOKUP($B31,[1]测算表!$B:$B,[1]测算表!K:K,,0,1) -> 自主定价 | N31: =_xlfn.XLOOKUP($B31,[1]测算表!$B:$B,[1]测算表!L:L,,0,1) -> 自主定价 | O31: 丙类 | P31: 1
A32: 15 | B32: 011102040010000 | C32: 互联网诊查费（首诊） | D32: 指中级职称及以下医务人员通过互联网医疗服务平台提供技术劳务的首次诊疗服务，包含为患者提供从问诊到诊断，制定诊疗方案或提出下一步诊疗建议。 | E32: 所定价格涵盖信息核实、在线问诊、记录分析、制定诊疗方案或建议，必要时在线开具处方等所需的人力资源和基本物质资源消耗。 | F32: 01副主任医师加收 02主任医师加收 03知名专家加收 | H32: 次 | I32: 收费范围限国家卫生健康主管部门准许通过互联网方式开展的首诊服务。该项目目前处于未激活状态，待国家卫健委另行规定激活后生效。 | J32: =_xlfn.XLOOKUP($B32,[1]测算表!$B:$B,[1]测算表!H:H,,0,1) -> / | K32: =_xlfn.XLOOKUP($B32,[1]测算表!$B:$B,[1]测算表!I:I,,0,1) -> / | L32: =_xlfn.XLOOKUP($B32,[1]测算表!$B:$B,[1]测算表!J:J,,0,1) -> / | M32: =_xlfn.XLOOKUP($B32,[1]测算表!$B:$B,[1]测算表!K:K,,0,1) -> / | N32: =_xlfn.XLOOKUP($B32,[1]测算表!$B:$B,[1]测算表!L:L,,0,1) -> /
B33: 011102040010001 | C33: 互联网诊查费（首诊）-副主任医师（加收） | J33: =_xlfn.XLOOKUP($B33,[1]测算表!$B:$B,[1]测算表!H:H,,0,1) -> / | K33: =_xlfn.XLOOKUP($B33,[1]测算表!$B:$B,[1]测算表!I:I,,0,1) -> / | L33: =_xlfn.XLOOKUP($B33,[1]测算表!$B:$B,[1]测算表!J:J,,0,1) -> / | M33: =_xlfn.XLOOKUP($B33,[1]测算表!$B:$B,[1]测算表!K:K,,0,1) -> / | N33: =_xlfn.XLOOKUP($B33,[1]测算表!$B:$B,[1]测算表!L:L,,0,1) -> /
B34: 011102040010002 | C34: 互联网诊查费（首诊）-正主任医师（加收） | J34: =_xlfn.XLOOKUP($B34,[1]测算表!$B:$B,[1]测算表!H:H,,0,1) -> / | K34: =_xlfn.XLOOKUP($B34,[1]测算表!$B:$B,[1]测算表!I:I,,0,1) -> / | L34: =_xlfn.XLOOKUP($B34,[1]测算表!$B:$B,[1]测算表!J:J,,0,1) -> / | M34: =_xlfn.XLOOKUP($B34,[1]测算表!$B:$B,[1]测算表!K:K,,0,1) -> / | N34: =_xlfn.XLOOKUP($B34,[1]测算表!$B:$B,[1]测算表!L:L,,0,1) -> /
B35: 011102040010003 | C35: 互联网诊查费（首诊）-知名专家（加收） | J35: =_xlfn.XLOOKUP($B35,[1]测算表!$B:$B,[1]测算表!H:H,,0,1) -> / | K35: =_xlfn.XLOOKUP($B35,[1]测算表!$B:$B,[1]测算表!I:I,,0,1) -> / | L35: =_xlfn.XLOOKUP($B35,[1]测算表!$B:$B,[1]测算表!J:J,,0,1) -> / | M35: =_xlfn.XLOOKUP($B35,[1]测算表!$B:$B,[1]测算表!K:K,,0,1) -> / | N35: =_xlfn.XLOOKUP($B35,[1]测算表!$B:$B,[1]测算表!L:L,,0,1) -> /
A36: 16 | B36: 011102040020000 | C36: 互联网诊查费（复诊） | D36: 指医务人员通过互联网医疗服务平台提供技术劳务的复诊诊疗服务，包含为患者提供从问诊到诊断，制定诊疗方案或提出下一步诊疗建议。 | E36: 所定价格涵盖信息核实、在线问诊、查阅既往病历及检查报告、记录分析、制定诊疗方案或建议，必要时在线开具处方等所需的人力资源和基本物质资源消耗。 | H36: 次 | I36: 1.收费范围限国家卫生健康主管部门准许通过互联网方式开展的复诊服务。 2.公立医疗机构开展互联网复诊，由不同级别医务人员提供服务，均按普通门诊诊查类项目价格收费。 | J36: 8 | K36: 7 | L36: 7 | M36: 6 | N36: 6 | O36: 甲类 | P36: 0
A37: 17 | B37: 011108000010000 | C37: 远程监测费 | D37: 指医技人员为院外患者提供的远程监测服务。 | E37: 所定价格涵盖信息核实、检查设备功能、安置远程监测设备、指导使用、程控打开远程监测设备、数据信息采集、分析判断、结果反馈、提供建议，指导随访等所需的人力资源和基本物质资源消耗。 | H37: 日 | I37: 1.具备远程实时监测功能，且实时传输数据至医院端供医生了解病情的装置使用时可收取该项费用。仅具有数据存储功能，不能实时传输数据的设备不得收取此费用。 2.远程监测范围仅限国家卫生健康主管部门准许开展的心电监护、除颤器监护、起搏器监护等项目。 | J37: =_xlfn.XLOOKUP($B37,[1]测算表!$B:$B,[1]测算表!H:H,,0,1) -> 70 | K37: =_xlfn.XLOOKUP($B37,[1]测算表!$B:$B,[1]测算表!I:I,,0,1) -> 63 | L37: =_xlfn.XLOOKUP($B37,[1]测算表!$B:$B,[1]测算表!J:J,,0,1) -> 63 | M37: =_xlfn.XLOOKUP($B37,[1]测算表!$B:$B,[1]测算表!K:K,,0,1) -> 54 | N37: =_xlfn.XLOOKUP($B37,[1]测算表!$B:$B,[1]测算表!L:L,,0,1) -> 54 | O37: 丙类 | P37: 1
A38: 18 | B38: 011105000010000 | C38: 床位费（单人间） | D38: 指住院期间为患者提供的单人病房及相关设施，可提供用于家属陪护、独立卫浴等需求的相关设施。 | E38: 所定价格涵盖床单位必备设施，包括但不限于腕带、病人服装、文档资料及管理、床单位设备及布草、独立卫浴、能源消耗、医疗垃圾及污水处理、病房控温设施及维护等所需的人力资源和基本物质资源消耗。 | H38: 床位·日 | I38: 单人间床位费实行市场调节价，由医院自主制定收费标准，未达到本条所列服务产出要求的单人间，收取床位费从严把握，或暂时按原政府指导价。 | J38: =_xlfn.XLOOKUP($B38,[1]测算表!$B:$B,[1]测算表!H:H,,0,1) -> 自主定价 | K38: =_xlfn.XLOOKUP($B38,[1]测算表!$B:$B,[1]测算表!I:I,,0,1) -> 自主定价 | L38: =_xlfn.XLOOKUP($B38,[1]测算表!$B:$B,[1]测算表!J:J,,0,1) -> 自主定价 | M38: =_xlfn.XLOOKUP($B38,[1]测算表!$B:$B,[1]测算表!K:K,,0,1) -> 自主定价 | N38: =_xlfn.XLOOKUP($B38,[1]测算表!$B:$B,[1]测算表!L:L,,0,1) -> 自主定价 | O38: 乙类 | P38: 限额
A39: 19 | B39: 011105000020000 | C39: 床位费（二人间） | D39: 指住院期间为患者提供的双人病房床位及相关设施。 | E39: 所定价格涵盖床单位必备设施，包括但不限于腕带、病人服装、文档资料及管理、床单位设备及布草、独立卫生间、能源消耗、医疗垃圾及污水处理、病房控温设施及维护等所需的人力资源和基本物质资源消耗。 | H39: 床位·日 | J39: =_xlfn.XLOOKUP($B39,[1]测算表!$B:$B,[1]测算表!H:H,,0,1) -> 56 | K39: =_xlfn.XLOOKUP($B39,[1]测算表!$B:$B,[1]测算表!I:I,,0,1) -> 50 | L39: =_xlfn.XLOOKUP($B39,[1]测算表!$B:$B,[1]测算表!J:J,,0,1) -> 50 | M39: =_xlfn.XLOOKUP($B39,[1]测算表!$B:$B,[1]测算表!K:K,,0,1) -> 35 | N39: =_xlfn.XLOOKUP($B39,[1]测算表!$B:$B,[1]测算表!L:L,,0,1) -> 35 | O39: 乙类 | P39: 限额
A40: 20 | B40: 011105000030000 | C40: 床位费（三人间） | D40: 指住院期间为患者提供的三人病房床位及相关设施。 | E40: 所定价格涵盖床单位必备设施，包括但不限于腕带、病人服装、文档资料及管理、床单位设备及布草、独立卫生间、能源消耗、医疗垃圾及污水处理、病房控温设施及维护等所需的人力资源和基本物质资源消耗。 | H40: 床位·日 | J40: =_xlfn.XLOOKUP($B40,[1]测算表!$B:$B,[1]测算表!H:H,,0,1) -> 45 | K40: =_xlfn.XLOOKUP($B40,[1]测算表!$B:$B,[1]测算表!I:I,,0,1) -> 40 | L40: =_xlfn.XLOOKUP($B40,[1]测算表!$B:$B,[1]测算表!J:J,,0,1) -> 40 | M40: =_xlfn.XLOOKUP($B40,[1]测算表!$B:$B,[1]测算表!K:K,,0,1) -> 32 | N40: =_xlfn.XLOOKUP($B40,[1]测算表!$B:$B,[1]测算表!L:L,,0,1) -> 32 | O40: 乙类 | P40: 限额
A41: 21 | B41: 011105000040000 | C41: 床位费（多人间） | D41: 指住院期间为患者提供的多人间（四人及以上）病房床位及相关设施。 | E41: 所定价格涵盖床单位必备设施，包括但不限于腕带、病人服装、文档资料及管理、床单位设备及布草、能源消耗、医疗垃圾及污水处理、病房控温设施及维护等所需的人力资源和基本物质资源消耗。 | G41: 01临时床位 | H41: 床位·日 | J41: =_xlfn.XLOOKUP($B41,[1]测算表!$B:$B,[1]测算表!H:H,,0,1) -> 30 | K41: =_xlfn.XLOOKUP($B41,[1]测算表!$B:$B,[1]测算表!I:I,,0,1) -> 27 | L41: =_xlfn.XLOOKUP($B41,[1]测算表!$B:$B,[1]测算表!J:J,,0,1) -> 27 | M41: =_xlfn.XLOOKUP($B41,[1]测算表!$B:$B,[1]测算表!K:K,,0,1) -> 18 | N41: =_xlfn.XLOOKUP($B41,[1]测算表!$B:$B,[1]测算表!L:L,,0,1) -> 18 | O41: 乙类 | P41: 限额
B42: 011105000040100 | C42: 床位费（多人间）-临时床位（扩展） | J42: =_xlfn.XLOOKUP($B42,[1]测算表!$B:$B,[1]测算表!H:H,,0,1) -> 20 | K42: =_xlfn.XLOOKUP($B42,[1]测算表!$B:$B,[1]测算表!I:I,,0,1) -> 18 | L42: =_xlfn.XLOOKUP($B42,[1]测算表!$B:$B,[1]测算表!J:J,,0,1) -> 18 | M42: =_xlfn.XLOOKUP($B42,[1]测算表!$B:$B,[1]测算表!K:K,,0,1) -> 14 | N42: =_xlfn.XLOOKUP($B42,[1]测算表!$B:$B,[1]测算表!L:L,,0,1) -> 14
A43: 22 | B43: 011105000050000 | C43: 床位费（急诊留观） | D43: 指医疗机构对急诊留观患者提供的留观床及相关设施。 | E43: 所定价格涵盖床单位必备设施，包括但不限于文档资料及管理、能源消耗、医疗垃圾及污水处理、病房控温设施及维护等所需的人力资源和基本物质资源消耗。 | F43: 01急诊抢救室加收 | H43: 日 | I43: 1.针对未满足住院条件或因各种原因无法办理住院的急诊留观患者收费。 2.办理住院后的患者按相应床位费标准收取。 3.不与其他床位费同时收取。 4.符合病房条件和管理标准的急诊观察床，按病房有关标准计价，床位费以日计算，不足半日按半日计价” | J43: =_xlfn.XLOOKUP($B43,[1]测算表!$B:$B,[1]测算表!H:H,,0,1) -> 11 | K43: =_xlfn.XLOOKUP($B43,[1]测算表!$B:$B,[1]测算表!I:I,,0,1) -> 11 | L43: =_xlfn.XLOOKUP($B43,[1]测算表!$B:$B,[1]测算表!J:J,,0,1) -> 11 | M43: =_xlfn.XLOOKUP($B43,[1]测算表!$B:$B,[1]测算表!K:K,,0,1) -> 10 | N43: =_xlfn.XLOOKUP($B43,[1]测算表!$B:$B,[1]测算表!L:L,,0,1) -> 10 | O43: 甲类 | P43: 0
B44: 011105000050001 | C44: 床位费（急诊留观）-急诊抢救室（加收） | J44: =_xlfn.XLOOKUP($B44,[1]测算表!$B:$B,[1]测算表!H:H,,0,1) -> 4 | K44: =_xlfn.XLOOKUP($B44,[1]测算表!$B:$B,[1]测算表!I:I,,0,1) -> 4 | L44: =_xlfn.XLOOKUP($B44,[1]测算表!$B:$B,[1]测算表!J:J,,0,1) -> 4 | M44: =_xlfn.XLOOKUP($B44,[1]测算表!$B:$B,[1]测算表!K:K,,0,1) -> 3 | N44: =_xlfn.XLOOKUP($B44,[1]测算表!$B:$B,[1]测算表!L:L,,0,1) -> 3
A45: 23 | B45: 011105000060000 | C45: 床位费（重症监护） | D45: 指治疗期间根据病情需要，为患者提供的重症监护病区床位及相关设施。 | E45: 所定价格涵盖床单位必备设施，包括但不限于腕带、病人服装、文档资料及管理、床单位设备及布草、病房控温设施、中心监护台，监护设备及其他监护抢救设施、空气净化设施、能源消耗、医疗垃圾及污水处理及维护等所需的人力资源和基本物质资源消耗。 | H45: 日 | I45: 不与其他床位费同时收取。 | J45: =_xlfn.XLOOKUP($B45,[1]测算表!$B:$B,[1]测算表!H:H,,0,1) -> 80 | K45: =_xlfn.XLOOKUP($B45,[1]测算表!$B:$B,[1]测算表!I:I,,0,1) -> 72 | L45: =_xlfn.XLOOKUP($B45,[1]测算表!$B:$B,[1]测算表!J:J,,0,1) -> 72 | M45: =_xlfn.XLOOKUP($B45,[1]测算表!$B:$B,[1]测算表!K:K,,0,1) -> 58 | N45: =_xlfn.XLOOKUP($B45,[1]测算表!$B:$B,[1]测算表!L:L,,0,1) -> 58 | O45: 乙类 | P45: 0.2
A46: 24 | B46: 011105000070000 | C46: 床位费（层流洁净） | D46: 指住院期间根据病情需要，为患者提供达到层流标准的洁净床位及相关设施。 | E46: 所定价格涵盖床单位必备设施，包括但不限于腕带、病人服装、文档资料及管理、床单位设备及布草、能源消耗、医疗垃圾及污水处理、病房控温设施、全封闭式层流洁净间设施及维护等所需的人力资源和基本物质资源消耗。 | H46: 日 | I46: 1.按照中华人民共和国住房和城乡建设部《GB51039-2014综合医院建筑设计规范》，层流洁净床位需满足I级洁净用房相关要求。 2.不与其他床位费同时收取。 | J46: =_xlfn.XLOOKUP($B46,[1]测算表!$B:$B,[1]测算表!H:H,,0,1) -> 200 | K46: =_xlfn.XLOOKUP($B46,[1]测算表!$B:$B,[1]测算表!I:I,,0,1) -> 180 | L46: =_xlfn.XLOOKUP($B46,[1]测算表!$B:$B,[1]测算表!J:J,,0,1) -> 180 | M46: =_xlfn.XLOOKUP($B46,[1]测算表!$B:$B,[1]测算表!K:K,,0,1) -> 160 | N46: =_xlfn.XLOOKUP($B46,[1]测算表!$B:$B,[1]测算表!L:L,,0,1) -> 160 | O46: 乙类 | P46: 0.2
A47: 25 | B47: 011105000080000 | C47: 床位费（特殊防护） | D47: 指住院期间根据病情需要，为患者提供的放射性物质照射治疗或负压病房床位及相关设施。 | E47: 所定价格涵盖床单位必备设施，包括但不限于腕带、病人服装、文档资料及管理、床单位设备及布草、能源消耗、放射性医疗垃圾及污水处理、病房控温设施、放射性物质防护设施及维护（含放射性污染职业监测或环境监测）等所需的人力资源和基本物质资源消耗。 | H47: 日 | I47: 不与其他床位费同时收取。 | J47: =_xlfn.XLOOKUP($B47,[1]测算表!$B:$B,[1]测算表!H:H,,0,1) -> 540 | K47: =_xlfn.XLOOKUP($B47,[1]测算表!$B:$B,[1]测算表!I:I,,0,1) -> 486 | L47: =_xlfn.XLOOKUP($B47,[1]测算表!$B:$B,[1]测算表!J:J,,0,1) -> 486 | M47: =_xlfn.XLOOKUP($B47,[1]测算表!$B:$B,[1]测算表!K:K,,0,1) -> 413 | N47: =_xlfn.XLOOKUP($B47,[1]测算表!$B:$B,[1]测算表!L:L,,0,1) -> 413 | O47: 乙类 | P47: 0.2
A48: 26 | B48: 011105000090000 | C48: 床位费（新生儿） | D48: 指医疗机构对新生儿提供的床位及相关设施。 | E48: 所定价格涵盖床单位必备设施，包括但不限于腕带、服装、文档资料及管理、床单位设备及布草、能源消耗、医疗垃圾及污水处理、病房控温设施及维护等所需的人力资源和基本物质资源消耗。 | F48: 01母婴同室新生儿减收 | H48: 日 | I48: 1.早产儿按照纠正胎龄计算出生天数。 2.可与产妇床位费同时收取。 | J48: =_xlfn.XLOOKUP($B48,[1]测算表!$B:$B,[1]测算表!H:H,,0,1) -> 20 | K48: =_xlfn.XLOOKUP($B48,[1]测算表!$B:$B,[1]测算表!I:I,,0,1) -> 20 | L48: =_xlfn.XLOOKUP($B48,[1]测算表!$B:$B,[1]测算表!J:J,,0,1) -> 20 | M48: =_xlfn.XLOOKUP($B48,[1]测算表!$B:$B,[1]测算表!K:K,,0,1) -> 20 | N48: =_xlfn.XLOOKUP($B48,[1]测算表!$B:$B,[1]测算表!L:L,,0,1) -> 20 | O48: 丙类 | P48: 1
B49: 011105000090001 | C49: 床位费（新生儿）-母婴同室新生儿（减收） | H49: 日 | J49: =_xlfn.XLOOKUP($B49,[1]测算表!$B:$B,[1]测算表!H:H,,0,1) -> -5 | K49: =_xlfn.XLOOKUP($B49,[1]测算表!$B:$B,[1]测算表!I:I,,0,1) -> -5 | L49: =_xlfn.XLOOKUP($B49,[1]测算表!$B:$B,[1]测算表!J:J,,0,1) -> -5 | M49: =_xlfn.XLOOKUP($B49,[1]测算表!$B:$B,[1]测算表!K:K,,0,1) -> -5 | N49: =_xlfn.XLOOKUP($B49,[1]测算表!$B:$B,[1]测算表!L:L,,0,1) -> -5
A50: 27 | B50: 011105000100000 | C50: 新生儿暖箱费 | D50: 通过各种不同功能的暖箱，保持温度、湿度恒定，达到维持新生儿、早产儿或婴儿基本生命需求的目的。 | E50: 所定价格涵盖新生儿床位相关设施、暖箱调节、加湿、皮肤温度监测、秤体重、兼备暖箱与辐射台功能、定期清洁消毒、处理用物等所需的人力资源和基本物质资源消耗。 | H50: 日 | I50: 1.不与新生儿床位费同时收取。2.超过半日不足24小时按一日计算，不足半日按半日计算 | J50: =_xlfn.XLOOKUP($B50,[1]测算表!$B:$B,[1]测算表!H:H,,0,1) -> 96 | K50: =_xlfn.XLOOKUP($B50,[1]测算表!$B:$B,[1]测算表!I:I,,0,1) -> 96 | L50: =_xlfn.XLOOKUP($B50,[1]测算表!$B:$B,[1]测算表!J:J,,0,1) -> 96 | M50: =_xlfn.XLOOKUP($B50,[1]测算表!$B:$B,[1]测算表!K:K,,0,1) -> 82 | N50: =_xlfn.XLOOKUP($B50,[1]测算表!$B:$B,[1]测算表!L:L,,0,1) -> 82 | O50: 甲类 | P50: 0
A51: 28 | B51: 011105000110000 | C51: 家庭病床建床费 | D51: 根据患者需求，医疗机构派出医务人员改造或指导患者改造床位，使患者部分家庭空间具备作为检查治疗护理场所的各项条件。 | E51: 所定价格涵盖医疗机构完成家庭病床建床建档（含建立病历）的人力资源和基本物质资源消耗。 | H51: 次 | I51: 收费范围限国家卫生健康主管部门准许提供的家庭病床建床服务。建床后，医疗机构继续上门提供巡诊、护理等各类医疗服务的，按照“上门服务费+医疗服务价格”的方式收费即可，不再以“家庭病床+某服务”的方式设立医疗服务价格项目。 | J51: =_xlfn.XLOOKUP($B51,[1]测算表!$B:$B,[1]测算表!H:H,,0,1) -> 8 | K51: =_xlfn.XLOOKUP($B51,[1]测算表!$B:$B,[1]测算表!I:I,,0,1) -> 7 | L51: =_xlfn.XLOOKUP($B51,[1]测算表!$B:$B,[1]测算表!J:J,,0,1) -> 7 | M51: =_xlfn.XLOOKUP($B51,[1]测算表!$B:$B,[1]测算表!K:K,,0,1) -> 6 | N51: =_xlfn.XLOOKUP($B51,[1]测算表!$B:$B,[1]测算表!L:L,,0,1) -> 6 | O51: 丙类 | P51: 1
A52: 29 | B52: 011107000010000 | C52: 上门服务费 | D52: 根据患者需求，医疗机构派出医务人员，前往患者指定地点为其提供合法合规的医疗服务。 | E52: 所定价格涵盖医疗机构派出医务人员的交通成本、人力资源和基本物质资源消耗。 | H52: 次·人 | I52: 1.上门服务费可由公立医疗机构自主确定。 2.计价单位“次·人”中的“人”是指每名专业人员。例如由1名医师、1名护理人员同时提供上门服务的，收费为“上门服务费”价格×2。 3.“上门服务”是指医疗机构以质量安全为前提，为各类群体上门提供医疗服务，收费采取“上门服务费+医疗服务价格”的方式，即上门提供服务本身收取一次“上门服务费”，提供的医疗服务、药品、医用耗材等，收费适用本医疗服务执行的医药价格政策。不再以“上门+某服务”的方式设立医疗服务价格项目。 4.对于医疗机构上门提供的医疗服务，已通过基本公共卫生服务家庭医生签约、长期护理保险等方式提供经费保障渠道的，不得额外收取上门服务费。 | J52: =_xlfn.XLOOKUP($B52,[1]测算表!$B:$B,[1]测算表!H:H,,0,1) -> 自主定价 | K52: =_xlfn.XLOOKUP($B52,[1]测算表!$B:$B,[1]测算表!I:I,,0,1) -> 自主定价 | L52: =_xlfn.XLOOKUP($B52,[1]测算表!$B:$B,[1]测算表!J:J,,0,1) -> 自主定价 | M52: =_xlfn.XLOOKUP($B52,[1]测算表!$B:$B,[1]测算表!K:K,,0,1) -> 自主定价 | N52: =_xlfn.XLOOKUP($B52,[1]测算表!$B:$B,[1]测算表!L:L,,0,1) -> 自主定价 | O52: 丙类 | P52: 1
A53: 30 | B53: 011104000010000 | C53: 院内抢救费（常规） | D53: 针对急危重症患者，由单临床学科医务人员制定抢救方案，在院内组织开展现场紧急救治，不含心肺复苏术。 | E53: 所定价格涵盖组织人员、观察、实施抢救、记录、制定方案等所需的人力资源和基本物质资源消耗。 | H53: 日 | J53: =_xlfn.XLOOKUP($B53,[1]测算表!$B:$B,[1]测算表!H:H,,0,1) -> 140 | K53: =_xlfn.XLOOKUP($B53,[1]测算表!$B:$B,[1]测算表!I:I,,0,1) -> 126 | L53: =_xlfn.XLOOKUP($B53,[1]测算表!$B:$B,[1]测算表!J:J,,0,1) -> 126 | M53: =_xlfn.XLOOKUP($B53,[1]测算表!$B:$B,[1]测算表!K:K,,0,1) -> 107 | N53: =_xlfn.XLOOKUP($B53,[1]测算表!$B:$B,[1]测算表!L:L,,0,1) -> 107 | O53: 甲类 | P53: 0
A54: 31 | B54: 011104000020000 | C54: 院内抢救费（复杂） | D54: 针对急危重症患者，由两个及以上临床学科医务人员联合制定抢救方案，在院内组织开展现场紧急救治，不含心肺复苏术。 | E54: 所定价格涵盖组织人员、观察、实施抢救、记录、制定方案等所需的人力资源和基本物质资源消耗。 | H54: 日 | I54: 护理、药学不作为单独临床学科计价。 | J54: =_xlfn.XLOOKUP($B54,[1]测算表!$B:$B,[1]测算表!H:H,,0,1) -> 252 | K54: =_xlfn.XLOOKUP($B54,[1]测算表!$B:$B,[1]测算表!I:I,,0,1) -> 227 | L54: =_xlfn.XLOOKUP($B54,[1]测算表!$B:$B,[1]测算表!J:J,,0,1) -> 227 | M54: =_xlfn.XLOOKUP($B54,[1]测算表!$B:$B,[1]测算表!K:K,,0,1) -> 193 | N54: =_xlfn.XLOOKUP($B54,[1]测算表!$B:$B,[1]测算表!L:L,,0,1) -> 193 | O54: 甲类 | P54: 0
A55: 32 | B55: 011104000030000 | C55: 心肺复苏术 | D55: 指手术室内外所有行心肺复苏的治疗，使患者恢复自主循环和呼吸。 | E55: 所定价格涵盖组织人员、观察、实施心肺复苏等所需的人力资源和基本物质资源消耗。 | H55: 次 | J55: =_xlfn.XLOOKUP($B55,[1]测算表!$B:$B,[1]测算表!H:H,,0,1) -> 300 | K55: =_xlfn.XLOOKUP($B55,[1]测算表!$B:$B,[1]测算表!I:I,,0,1) -> 270 | L55: =_xlfn.XLOOKUP($B55,[1]测算表!$B:$B,[1]测算表!J:J,,0,1) -> 270 | M55: =_xlfn.XLOOKUP($B55,[1]测算表!$B:$B,[1]测算表!K:K,,0,1) -> 230 | N55: =_xlfn.XLOOKUP($B55,[1]测算表!$B:$B,[1]测算表!L:L,,0,1) -> 230 | O55: 甲类 | P55: 0
A56: 33 | B56: 011103000010000 | C56: 院前急救费 | D56: 针对急危重症患者，医护人员制定抢救方案，在院前组织开展现场紧急救治。 | E56: 所定价格涵盖组织人员、观察、实施抢救、监测生命体征、记录、制定方案等所需的人力资源和基本物质资源消耗。 | H56: 次 | I56: “院前”指以物理空间为分界标准。 | J56: =_xlfn.XLOOKUP($B56,[1]测算表!$B:$B,[1]测算表!H:H,,0,1) -> 72 | K56: =_xlfn.XLOOKUP($B56,[1]测算表!$B:$B,[1]测算表!I:I,,0,1) -> 65 | L56: =_xlfn.XLOOKUP($B56,[1]测算表!$B:$B,[1]测算表!J:J,,0,1) -> 65 | M56: =_xlfn.XLOOKUP($B56,[1]测算表!$B:$B,[1]测算表!K:K,,0,1) -> 55 | N56: =_xlfn.XLOOKUP($B56,[1]测算表!$B:$B,[1]测算表!L:L,,0,1) -> 55 | O56: 甲类 | P56: 0
A57: 34 | B57: 011109000010000 | C57: 安宁疗护费 | D57: 指为疾病终末期或老年患者在临终前提供身体、心理、精神等方面的诊查、护理、照料和人文关怀等服务，控制痛苦和不适症状，提高生命质量，帮助患者舒适、安详、有尊严地离世。 | E57: 所定价格涵盖患者病情评估、诊查、分级护理、各类评估工具使用、心理及精神疏导、情绪安抚、沟通陪伴、临终关怀、个性化支持等所需的人力资源和基本物质资源消耗。 | H57: 日 | I57: 不与各类“住院诊查费”和“分级护理”同时收费。 | J57: =_xlfn.XLOOKUP($B57,[1]测算表!$B:$B,[1]测算表!H:H,,0,1) -> 260 | K57: =_xlfn.XLOOKUP($B57,[1]测算表!$B:$B,[1]测算表!I:I,,0,1) -> 234 | L57: =_xlfn.XLOOKUP($B57,[1]测算表!$B:$B,[1]测算表!J:J,,0,1) -> 234 | M57: 211 | N57: 211 | O57: 丙类 | P57: 1
A58: 35 | B58: 011109000020000 | C58: 救护车转运费 | D58: 指医疗机构（含120急救中心）利用救护车转运患者的使用费用。 | E58: 所定价格涵盖含救护车交通往返相关管理费、折旧费、消毒费、油耗、司机劳务等所需的人力资源和基本物质资源消耗。 | F58: 01高层人力转运 | H58: 公里 | I58: 1.本项目按照基础费用和里程费用相结合的计价方式收费。 2.急危重症需要使用ECMO、有创呼吸机等生命维持系统带机转运的，按照“救护车转运费+相应设备治疗价格项目”计费。 3.非急救转运参照本项目收费。 4.高层无电梯的人力转运，医疗机构可自主定价。 | J58: 基价35元/车次，里程费7元/公里（不足1公里按1公里计；只计单程）,跨地级市转运的价格由医患双方协商议定。 | K58: 基价35元/车次，里程费7元/公里（不足1公里按1公里计；只计单程）,跨地级市转运的价格由医患双方协商议定。 | L58: 基价32元/车次，里程费6元/公里（不足1公里按1公里计；只计单程）,跨地级市转运的价格由医患双方协商议定。 | M58: 基价32元/车次，里程费6元/公里（不足1公里按1公里计；只计单程）,跨地级市转运的价格由医患双方协商议定。 | N58: 基价32元/车次，里程费6元/公里（不足1公里按1公里计；只计单程）,跨地级市转运的价格由医患双方协商议定。 | O58: 丙类 | P58: 1
B59: 011109000020001 | C59: 救护车转运费-高层人力转运加收（加收） | H59: 次 | J59: =_xlfn.XLOOKUP($B59,[1]测算表!$B:$B,[1]测算表!H:H,,0,1) -> 自主定价 | K59: =_xlfn.XLOOKUP($B59,[1]测算表!$B:$B,[1]测算表!I:I,,0,1) -> 自主定价 | L59: =_xlfn.XLOOKUP($B59,[1]测算表!$B:$B,[1]测算表!J:J,,0,1) -> 自主定价 | M59: =_xlfn.XLOOKUP($B59,[1]测算表!$B:$B,[1]测算表!K:K,,0,1) -> 自主定价 | N59: =_xlfn.XLOOKUP($B59,[1]测算表!$B:$B,[1]测算表!L:L,,0,1) -> 自主定价
A60: 36 | B60: 011109000030000 | C60: 航空医疗转运 | D60: 指医疗机构（含120急救中心）利用各类航空器转运患者的使用费用。 | E60: 所定价格涵盖航空器交通往返相关管理费、折旧费、消毒费、油耗、司机劳务等所需的人力资源和基本物质资源消耗。 | H60: 次 | I60: 航空医疗转运实行市场调节价，由医院自主制定收费标准。 | J60: =_xlfn.XLOOKUP($B60,[1]测算表!$B:$B,[1]测算表!H:H,,0,1) -> 自主定价 | K60: =_xlfn.XLOOKUP($B60,[1]测算表!$B:$B,[1]测算表!I:I,,0,1) -> 自主定价 | L60: =_xlfn.XLOOKUP($B60,[1]测算表!$B:$B,[1]测算表!J:J,,0,1) -> 自主定价 | M60: =_xlfn.XLOOKUP($B60,[1]测算表!$B:$B,[1]测算表!K:K,,0,1) -> 自主定价 | N60: =_xlfn.XLOOKUP($B60,[1]测算表!$B:$B,[1]测算表!L:L,,0,1) -> 自主定价 | O60: 丙类 | P60: 1
A61: 使用说明: 1.该类价格项目以综合诊查为重点，按照诊查方式的服务产出设立价格项目。医疗机构、医务人员实施综合诊查过程中有关创新改良，采取“现有项目兼容”的方式简化处理，无需申报新增医疗服务价格项目，直接按照对应的整合项目执行即可。 2.该类价格项目所称的“价格构成”，指项目价格应涵盖的各类资源消耗，用于确定计价单元的边界，是各级医疗保障部门制定调整项目价格考虑的测算因子，不应作为临床技术标准理解，不是实际操作方式、路径、步骤、程序的强制性要求，价格构成中包含，但个别临床实践中非必要、未发生的，无需强制要求公立医疗机构减计费用。所列“设备投入”包括但不限于操作设备、器具及固定资产投入。 3.该类价格项目所称“基本物质资源消耗”，指原则上限于不应或不必要与医疗服务项目分割的易耗品，包括但不限于各类消毒用品、储存用品、清洁用品、个人防护用品、标签、垃圾处理用品、腕带、病历纸张、冲洗液、润滑剂、压舌板、滑石粉、一般物理检查器具、治疗巾(单)、棉球、棉签、纱布(垫)、普通绷带、固定带、治疗护理盘(包)、普通注射器、护(尿)垫、中单、冲洗工具、备皮工具、灌注器、输液贴、牙垫、一次性冰袋、新生儿洗浴用品、导尿管、包裹单(袋)、软件的版权、开发、购买等。基本物质资源消耗成本计入项目价格，不另行收费。除基本物质资源消耗以外的其他耗材，按照实际采购价格零差率销售。 4.该类价格项目所称“计价单位”中的“学科”划分以医院内部实际设置科室为准;按“日”和“小时”收取的各项费用，按现行政策施行，其中，出入院时间的计算：一日内不论什么时间入院按一天计算住院天数，一日内无论什么时间出院均不计算住院天数。 5.“知名专家”，与医师技术水平高度关联，参照国家统一评选认定的头衔或省级及以上卫生健康主管部门相关规定，如“享受国务院特殊津贴、两院院士、国医大师、国家名中医”等;不以“医学会专科分会主委、医师协会专科医师分会主委、省级卫生健康突出贡献中青年专家”等社团职务、荣誉称号作为知名专家的认定依据；具体认定组织另行发文明确。“知名专家”提供的诊查费执行政府指导价。 6.“床位费”，指计入不计出，即入院当天按一天计算收费,出院当天不计算收费。日间病房床位费的收费标准同“床位费”。 7.该类价格项目所称的“儿童”，指6周岁及以下。周岁的计算方法以法律的相关规定为准。 8.该类价格项目中涉及“包括……”……等”的，属于开放型表述，所指对象不仅局限于表述中列明的事项，也包括未列明的同类事项。 9.“安宁疗护”中所含具体服务事项，以国家卫生行业主管部门文件为准。 10.该类价格项目可应用人工智能辅助进行的，可直接按主项目收费，不同时收费；由具备相关资质专业人员按规定开展营养状况评估、儿童营养评估、营养咨询的可参照同档次诊查费收费，须出具评估报告，但不得与诊查费同时收取；门诊注射、换药、针灸、理疗、推拿、血透、放射治疗疗程中不再收取诊查费;从接诊到当天出诊断结果只收一次诊查费,由医生指定在院内换号诊断和取化验及各种检查结果，不另收诊查费。
